 Dungeon Crawl Stone Soup version 0.14-a0-1739-g6c2808e (webtiles) character file.

259 Mitsuki the Chopper (level 5, -3/47 HPs)
             Began as a Hill Orc Fighter on Jan 3, 2014.
             Slain by an orc priest
             ... wielding a -1,+0 orcish flail
              (4 damage)
             ... on Level 3 of the Dungeon.
             The game lasted 00:10:59 (2011 turns).

Mitsuki the Chopper (Hill Orc Fighter)              Turns: 2011, Time: 00:10:59

HP  -3/47        AC  7     Str 20      XL: 5   Next: 36%
MP   5/5         EV  6     Int  8      God:
Gold 105         SH 19     Dex 10      Spells:  0 memorised,  4 levels left

rFire  . . .     SeeInvis .     a - +0 orc hand axe
rCold  . . .     Clarity  .     b - +0 orc scale mail
rNeg   . . .     Conserve .     c - +0 orc shield
rPois  .         rCorr    .     (no helmet)
rElec  .         rRot     .     (no cloak)
SustAb . .       Spirit   .     (no gloves)
rMut   .         Warding  .     (no boots)
Saprov + . .     Stasis   .     (no amulet)
                                (no ring)
                                (no ring)

@: slightly resistant to hostile enchantments, extremely unstealthy
A: saprovore 1
a: Convert to Beogh


You were on level 3 of the Dungeon.
You were not hungry.

You visited 1 branch of the dungeon, and saw 3 of its levels.

You collected 105 gold pieces.

Inventory:

Hand weapons
 a - a +0,+0 orcish hand axe (weapon)
Armour
 b - a +0 orcish scale mail (worn)
 c - a +0 orcish shield (worn)
 t - a +1 orcish shield
Magical devices
 A - a wand of confusion (0)
Comestibles
 d - 2 meat rations
 g - a rotting chunk of adder flesh
 h - a rotting chunk of adder flesh
 i - a rotting chunk of adder flesh
 j - 2 bread rations
 n - a banana
 p - a choko
Scrolls
 e - a scroll of teleportation {unknown}
 f - 2 scrolls of fog {unknown}
 m - 2 scrolls of random uselessness {unknown}
 o - a scroll of magic mapping {unknown}
 r - 2 scrolls of remove curse {unknown}
 y - a scroll of curse weapon {unknown}


   Skills:
 + Level 4.9 Fighting
 * Level 5.2 Axes
 + Level 4.2 Armour
 - Level 3.2 Shields


You had 4 spell levels left.
You didn't know any spells.

Dungeon Overview and Level Annotations

Branches:
Dungeon (3/16)

Altars:
Elyvilon
Trog


Innate Abilities, Weirdness & Mutations

You can tolerate rotten meat.


Message History

You spend a moment contemplating the meaning of life.
You see here an orcish club.
There are monsters nearby!
An orc priest is nearby!
An orc priest is nearby!
The orc priest becomes somewhat translucent.
You hit the orc priest.
The orc priest is lightly wounded.
The orc priest threatens, "By the altar or by the axe, you will meet Beogh!"
The orc priest hits you with an orcish flail.
* * * LOW HITPOINT WARNING * * *
You hit the orc priest.
The orc priest is heavily wounded.
The orc priest shouts, "Join the one true god or die!"
You hit the orc priest but do no damage.
The orc priest is heavily wounded.
The orc priest hits you but does no damage.
The orc wizard hits you but does no damage.
The orc priest hits you with an orcish flail.
You die...

#....# #....# #....# #....#
. . #....# ... ....#
#....######.... #....#
#.............. #....#
#.............>. ###....#
#@...##.##.....
.......#########oo..#...# .
...........)o.......#.♣.#
....................#...#
....................##.##
######).########....##.#
#..# ####.##.## #
###..#######...###...###...#
#..o.........♣....._.....♣..


You could see an orc priest and an orc wizard.

Vanquished Creatures
  An orc wizard (D:3)
  Terence (D:3)
  4 adders
  3 giant geckos
  An ooze (D:1)
  4 orcs (D:3)
  A ball python (D:1)
  8 bats
  3 giant cockroaches
  15 goblins
  4 hobgoblins
  4 jackals
  8 kobolds
  A quokka (D:2)
  4 giant newts
  9 rats
71 creatures vanquished.

Notes
Turn   | Place    | Note
--------------------------------------------------------------
     0 | D:1      | Mitsuki, the Hill Orc Fighter, began the quest for the Orb.
     0 | D:1      | Reached XP level 1. HP: 19/19 MP: 1/1
   136 | D:1      | Reached XP level 2. HP: 27/27 MP: 2/2
   160 | D:1      | Reached skill level 4 in Fighting
   362 | D:1      | Reached XP level 3. HP: 30/33 MP: 3/3
  1038 | D:2      | Reached XP level 4. HP: 41/41 MP: 4/4
  1143 | D:2      | Found a bloodstained altar of Trog.
  1536 | D:3      | Noticed Terence
  1564 | D:3      | Killed Terence
  1564 | D:3      | Reached XP level 5. HP: 32/47 MP: 5/5
  1626 | D:3      | Reached skill level 5 in Axes
  1631 | D:3      | Found a white marble altar of Elyvilon.
  1713 | D:3      | Paralysed by a potion of paralysis for 4 turns
  1730 | D:3      | HP: 3/70 [poisoned by an adder]
  1735 | D:3      | HP: 2/70 [poisoned by an adder]
  2009 | D:3      | HP: 1/47 [orc priest/orcish flail (4)]
  2011 | D:3      | Slain by an orc priest

Action                   |  1- 3 |  4- 6 || total
-------------------------+-------+-------++-------
Melee: Hand axe          |   144 |   157 ||   301
  Use: Potion            |       |     6 ||     6
